 Dungeon Crawl Stone Soup version 0.20.0-10-g0535bb4 (webtiles) character file.

25 Scud the Stinger (level 2, 0/11 HPs)
             Began as a Spriggan Venom Mage on June 4, 2017.
             Succumbed to an adder's poison
             ... on level 1 of the Dungeon.
             The game lasted 00:07:28 (953 turns).

Scud the Stinger (Spriggan Venom Mage)               Turns: 953, Time: 00:07:30

Health: 0/11       AC:  2    Str:  4    XL:     2   Next: 86%
Magic:  1/7        EV: 18    Int: 16    God:
Gold:   12         SH:  0    Dex: 16    Spells: 4/7 levels left

rFire    . . .     SeeInvis +   (weapon restricted)
rCold    . . .     Gourm    .   (shield restricted)
rNeg     . . .     Faith    .   a - +0 robe
rPois    .         Spirit   .   (helmet restricted)
rElec    .         Reflect  .   (no cloak)
rCorr    .         Harm     .   (gloves unavailable)
MR       .....     Clarity  +   (boots unavailable)
Stlth    +++.......             (no amulet)
Regen    0.1/turn               (no ring)
MPRegen  0.1/turn               (no ring)

@: lethally poisoned (0 -> -7), very slightly contaminated, very quick
A: unfitting armour, see invisible, clarity, herbivore 3, speed 3, frail 1,
mutation resistance 1, slow metabolism 2
a: no special abilities


You were on level 1 of the Dungeon.
You were not hungry.

You visited 1 branch of the dungeon, and saw 1 of its levels.

You collected 12 gold pieces.

Inventory:

Armour
 a - a +0 robe (worn)
Scrolls
 e - 6 scrolls of identify {unknown}
 f - a scroll of teleportation {unknown}
 g - a scroll of magic mapping {unknown}
 h - a scroll of immolation {unknown}
Books
 b - a Young Poisoner's Handbook

   Spells                             Type                      Level
   a - Sting                          Conjuration/Poison           1
   b - Poisonous Vapours              Poison/Air                   2
   c - Mephitic Cloud                 Conjuration/Poison/Air       3
   d - Olgreb's Toxic Radiance        Poison                       4
   e - Venom Bolt                     Conjuration/Poison           5
Comestibles
 c - 2 bread rations


   Skills:
 + Level 3.2 Dodging
 + Level 3.4 Stealth
 + Level 3.1 Spellcasting
 + Level 0.7 Conjurations
 + Level 3.6 Poison Magic


You had 4 spell levels left.
You knew the following spells:

 Your Spells              Type           Power        Failure   Level  Hunger
a - Sting                 Conj/Pois      #...         8%          1    #......
b - Poisonous Vapours     Pois/Air       #.....       13%         2    ##.....


Dungeon Overview and Level Annotations

Branches:
Dungeon (1/15)

Altars:
Ashenzari


Innate Abilities, Weirdness & Mutations

You are very small and have problems with some larger weapons.
You are too small for most types of armour.
You have supernaturally acute eyesight. (SInv)
You are a herbivore.
You cover ground extremely quickly.
You need consume almost no food.
You possess an exceptional clarity of mind.
You are frail. (-10% HP)
You are somewhat resistant to further mutation.


Message History

Press: ? - help, Shift-Dir - straight line, f/p - adder
Aim: an adder (moderately wounded, poisoned)
The sting misses the adder.
The adder bites you.
You are lethally poisoned!
The adder poisons you!
You feel sick.
You feel sick.
* * * LOW HITPOINT WARNING * * *
You feel sick.
The adder looks more healthy.
It was a potion of mutation.
You feel extremely strange.
Your thoughts seem clearer.
You feel frail.
You feel genetically stable.
* * * LOW HITPOINT WARNING * * *
You feel sick.
Casting: Sting
Confirm with . or Enter, or press ? or * to list all spells.
You don't have enough magic to cast that spell.
* * * LOW HITPOINT WARNING * * *
You feel sick.
You die...

#.# #.##.#.#...###.....##..#.
####.# #.##..).......†...##...#.
.....# #..........†###..##....#.
####.# ######.#.#..# #.##.....#.
# #.# #.#.#..# ###......#.
####.#########.#.#..#####.##.###
..........(..((#.#...........#
################.##.#####.####
#@##.#####.# #.##.......#
#.########## #.################
#.....S...........
##################


There were no monsters in sight!

Vanquished Creatures
  2 dart slugs (D:1)
  A leopard gecko (D:1)
  2 giant cockroaches (D:1)
  3 goblins (D:1)
  4 hobgoblins (D:1)
  2 jackals (D:1)
  A bat (D:1)
  A frilled lizard (D:1)
  2 rats (D:1)
18 creatures vanquished.

Notes
Turn   | Place    | Note
-------+----------+-------------------------------------------
     0 | D:1      | Scud the Spriggan Venom Mage began the quest for the Orb.
     0 | D:1      | Reached XP level 1. HP: 9/9 MP: 5/5
   284 | D:1      | Reached XP level 2. HP: 7/13 MP: 0/6
   439 | D:1      | Learned a level 2 spell: Poisonous Vapours
   785 | D:1      | Found a shattered altar of Ashenzari.
   941 | D:1      | Gained mutation: You possess an exceptional clarity of mind. [potion of mutation]
   941 | D:1      | Gained mutation: You are frail. (-10% HP) [potion of mutation]
   941 | D:1      | Gained mutation: You are somewhat resistant to further mutation. [potion of mutation]
   953 | D:1      | Succumbed to an adder's poison

Skill      XL: |  1  2 |
---------------+-------+-----
Spellcasting   | 3 |  3.1
Dodging        | |  3.2
Stealth        | |  3.4
Conjurations   | |  0.7
Poison Magic   | |  3.6

Action                   || total
-------------------------++-------
Melee: Unarmed           ||    15
 Cast: Sting             ||    38
  Use: Potion            ||     1
Armor: Robe              ||     1
Dodge: Dodged            ||    21
